Map: Solaris LE

Players

A.I. 2 (Very Easy) - Winner!

  • Race: Protoss Protoss
  • Spawn Location: 7:00

llllllllllll

  • Race: Protoss Protoss
  • League: Grandmaster
  • Spawn Location: 1:00

VOD

Have the link to the VOD?

Description

Time

  • Played on: Dec. 27, 2023, 6:05 p.m.
  • Length: 7:21
Show
View Real Time Build Order
Export as new Build Order

A.I. 2 (Very Easy) Protoss - Winner!

Build Orders: 1 Gate Expand, Nexus First 

Get SALT Encoding   

  12  0:00  Probe  
  13  0:13  Probe  
  14  0:19  Pylon  
  14  0:42  Gateway  
  14  1:01  Nexus  
  14  1:20  Pylon  
  14  1:21  Zealot  
  14  1:23  Assimilator  
  16  1:33  Probe  
  16  1:35  Cybernetics Core  
  17  1:41  Probe  
  18  1:53  Probe  
  19  2:01  Probe  
  19  2:02  Assimilator  
  20  2:10  Probe  
  20  2:11  Stalker  
  23  2:16  Warp Gate  
  23  2:19  Probe  
  23  2:22  Probe  
  25  2:33  Probe  
  26  2:44  Probe  
  26  2:45  Assimilator  
  26  2:48  Pylon  
  27  2:51  Probe  
  28  2:58  Probe  
  28  3:03  Probe  
  27  3:13  Robotics Facility, Probe  
  27  3:18  Probe  
  28  3:21  Zealot  
  31  3:30  Probe  
  32  3:37  Probe  
  33  3:44  Probe  
  34  3:51  Probe  
  35  3:58  Probe  
  35  4:01  Observer  
  37  4:05  Probe  
  37  4:09  Probe  
  36  4:20  Probe  
  36  4:22  Observer  
  36  4:23  Probe  
  38  4:28  Assimilator  
  39  4:31  Sentry  
  39  4:34  Probe  
  42  4:41  Probe  
  43  4:48  Probe  
  44  4:55  Probe  
  45  5:03  Probe  
  46  5:10  Probe  
  46  5:13  Probe, Pylon  
  47  5:20  Probe  
  48  5:28  Probe  
Show
View Real Time Build Order
Export as new Build Order

llllllllllll Protoss 

Build Orders: Oracle Opening 

Get SALT Encoding   

  12  0:00  Probe  
  13  0:12  Probe  
  14  0:17  Pylon  
  14  0:24  Probe  
  15  0:37  Probe (Chrono Boost)  
  15  0:38  Gateway  
  16  0:45  Assimilator  
  16  0:49  Probe (Chrono Boost)  
  17  0:54  Assimilator  
  17  0:56  Probe (Chrono Boost)  
  18  1:03  Probe (Chrono Boost)  
  19  1:14  Gateway  
  19  1:15  Probe (Chrono Boost)  
  20  1:20  Probe (Chrono Boost)  
  21  1:28  Cybernetics Core  
  21  1:29  Probe  
  22  1:36  Pylon  
  22  1:42  Probe  
  23  1:54  Probe  
  24  2:04  Adept x2  
  24  2:07  Probe  
  29  2:10  Pylon  
  29  2:18  Stargate  
  29  2:20  Probe  
  30  2:32  Probe  
  35  2:43  Warp Gate  
  35  2:49  Pylon  
  31  3:06  Probe  
  31  3:07  Nexus, Oracle (Chrono Boost)  
  35  3:21  Probe  
  35  3:23  Robotics Facility  
  36  3:30  Shield Battery  
  36  3:33  Probe  
  36  3:48  Void Ray, Probe  
  41  4:01  Probe  
  42  4:03  Pylon  
  42  4:08  Immortal (Chrono Boost)  
  42  4:14  Probe  
  47  4:22  Probe  
  48  4:27  Probe  
  49  4:34  Probe  
  50  4:39  Probe  
  50  4:42  Assimilator  
  50  4:45  Assimilator  
  51  4:46  Stargate, Probe  
  51  4:51  Probe  
  53  4:53  Forge  
  53  4:59  Probe  
  58  5:03  Void Ray (Chrono Boost), Probe  
  59  5:11  Probe  
  60  5:15  Probe  
  61  5:23  Probe  
  61  5:27  Probe  
  63  5:32  Void Ray (Chrono Boost)  
  67  5:38  Photon Cannon  
  67  5:39  Photon Cannon  
  67  5:48  Pylon  
  67  5:50  Pylon  
  67  5:54  Observer  
  68  6:03  Probe x2  
  78  6:12  Void Ray x2  
  78  6:15  Probe x2  
  80  6:27  Probe x2  
  82  6:39  Probe  
  84  6:40  Probe  
  84  6:44  Nexus  
  84  6:45  Pylon  
  84  6:51  Probe  
  84  6:52  Probe  
  86  7:01  Stargate  
  86  7:04  Stargate  
  86  7:07  Photon Cannon x2  
  94  7:12  Shield Battery  
  94  7:18  Pylon  
Tags
 
Add a new tag
Caveats
  • Supply blocks, unpowered buildings, or Contaminate may cause inaccurate times.
  • Supply counts are checked every 10 seconds.